 Dungeon Crawl Stone Soup version 0.25-a0-731-g0472a16d6a (webtiles) character file.

Game seed: 13747034728619883443, levelgen mode: deterministic

250886 Aviak the Thaumaturge (level 18, -14/143 HPs)
             Began as a Demonspawn Fire Elementalist on Apr 7, 2020.
             Was the Champion of Vehumet.
             Shot with a bolt by a vault warden (37 damage)
             ... on level 2 of the Vaults on Apr 8, 2020.
             The game lasted 02:51:56 (40629 turns).

Aviak the Thaumaturge (DsFE)                       Turns: 40629, Time: 02:51:57

Health: -14/143    AC: 13    Str: 10    XL:     18   Next: 92%
Magic:  3/35       EV: 21    Int: 17    God:    Vehumet [******]
Gold:   1909       SH:  5    Dex: 16    Spells: 4/44 levels left

rFire    . . .     SeeInvis +   M - +4 broad axe (elec)
rCold    + . .     Gourm    .   Q - +0 buckler {AC+3}
rNeg     . . .     Faith    .   D - +3 leather armour
rPois    +         Spirit   .   (helmet unavailable)
rElec    .         Reflect  .   X - +1 cloak
rCorr    .         Harm     .   O - +0 pair of gloves
MR       ++++.                  A - +0 pair of boots
Stlth    ++........             K - amulet of regeneration
HPRegen  0.73/turn              S - ring "Toni" {rPois rC+ MR+++ Int-4 SInv}
MPRegen  0.24/turn              y - ring of wizardry

@: corroded
A: horns 3, molten scales 2, demonic guardian 1, spiny 1
}: 2/15 runes: decaying, gossamer
a: Renounce Religion


You were on level 2 of the Vaults.
You worshipped Vehumet.
Vehumet was exalted by your worship.
You were hungry.

You visited 7 branches of the dungeon, and saw 34 of its levels.
You also visited: Ossuary and Volcano.

You collected 2885 gold pieces.
You spent 976 gold pieces at shops.

Inventory:

Hand Weapons
 g - a +1 long sword of distortion {!w}
 M - a +4 broad axe of electrocution (weapon)
Armour
 h - the +3 scale mail "Puedaf" {*Contam rPois Str+7 Int+2}
   (You found it on level 1 of the Spider Nest)

   It affects your strength (+7).
   It affects your intelligence (+2).
   It protects you from poison.
   It causes magical contamination when unequipped.
 A - a +0 pair of boots (worn)
 D - a +3 leather armour (worn)
 O - a +0 pair of gloves (worn)
 Q - a +0 buckler of protection (worn)
 X - a +1 cloak (worn)
Jewellery
 v - a +4 ring of intelligence
 y - a ring of wizardry (right hand)
 K - an amulet of regeneration (around neck)
 P - an uncursed ring of poison resistance
 S - the ring "Toni" (left hand) {rPois rC+ MR+++ Int-4 SInv}
   (You found it on level 13 of the Dungeon)

   [ring of see invisible]

   It affects your intelligence (-4).
   It protects you from cold.
   It protects you from poison.
   It affects your resistance to hostile enchantments.
   It lets you see invisible.
 U - a +4 ring of slaying
 Y - an uncursed ring of magical power
Wands
 a - a wand of digging (4)
 E - a wand of disintegration (25)
 I - a wand of paralysis (22)
 J - a wand of flame (47)
 N - a wand of scattershot (6)
 R - a wand of random effects (27)
 Z - a wand of polymorph (16)
Scrolls
 i - a scroll of identify
 m - a scroll of fear
 o - 7 scrolls of magic mapping
 q - 9 scrolls of enchant armour
 r - 9 scrolls of remove curse
 s - a scroll of summoning {!r}
 t - 3 scrolls of teleportation
 x - 2 scrolls of blinking
 z - 5 scrolls of amnesia
 C - 3 scrolls of fog
 F - 4 scrolls of immolation
 L - 3 scrolls of enchant weapon
Potions
 b - 4 potions of flight
 d - 5 potions of magic
 e - 5 potions of stabbing
 f - a potion of haste
 j - 3 potions of invisibility
 k - 5 potions of ambrosia
 l - 5 potions of cancellation
 p - 7 potions of lignification {!q}
 w - 6 potions of might
 G - 2 potions of mutation {!q}
 H - 5 potions of berserk rage
 T - 2 potions of resistance
 V - 6 potions of degeneration {!q!q}
 W - 4 potions of brilliance
Comestibles
 u - 2 chunks of flesh
 B - 29 rations


   Skills:
 - Level 13.2 Fighting
   Level 6.8 Short Blades
 - Level 10.0 Axes
 + Level 6.4 Armour
 - Level 13.5 Dodging
 - Level 3.0 Stealth
 - Level 4.0 Shields
 + Level 13.6 Spellcasting
 - Level 11.7 Conjurations
 - Level 8.6 Fire Magic
 + Level 9.5 Air Magic
 - Level 6.0 Earth Magic
 - Level 7.4 Evocations


You had 4 spell levels left.
You knew the following spells:

 Your Spells              Type           Power        Failure   Level  Hunger
a - Foxfire               Conj/Fire      ####         1%          1    None
b - Orb of Destruction    Conj           ######....   6%          7    #######
c - Sticky Flame          Conj/Fire      #####...     1%          4    #......
d - Conjure Flame         Conj/Fire      #####...     1%          3    None
e - Iron Shot             Conj/Erth      #####.....   3%          6    ######.
f - Inner Flame           Hex/Fire       ####....     1%          3    None
g - Starburst             Conj/Fire      #####.....   2%          6    ######.
h - Blink                 Tloc           N/A          4%          2    None
i - Mephitic Cloud        Conj/Pois/Air  #####...     1%          3    None
q - Fireball              Conj/Fire      #####.....   1%          5    ####...

Your spell library contained the following spells:

 Spells                   Type           Power        Failure   Level  Hunger
 Chain Lightning          Conj/Air       #####.....   47%         8    #######
 Lehudib's Crystal Spear  Conj/Erth      #####.....   71%         8    #######
 Ignition                 Fire           #####.....   73%         8    #######
 Magic Dart               Conj           ####         1%          1    None
 Poisonous Vapours        Pois/Air       ####..       1%          2    None
 Dazzling Flash           Conj/Hex       ####..       1%          3    None
 Ignite Poison            Fire/Tmut/Pois ###.....     1%          3    None
 Apportation              Tloc           ##....       3%          1    None
 Corona                   Hex            ##.....      3%          1    None
 Infusion                 Chrm           ##..         3%          1    None
 Sting                    Tmut/Pois      ##..         3%          1    None
 Summon Butterflies       Summ           ##......     3%          1    None
 Call Imp                 Summ           ##......     4%          2    None
 Ensorcelled Hibernation  Hex/Ice        ##....       4%          2    None
 Shroud of Golubria       Chrm/Tloc      ##....       4%          2    None
 Slow                     Hex            ##......     4%          2    None
 Song of Slaying          Chrm           ##......     4%          2    None
 Summon Lightning Spire   Summ/Air       ####....     4%          4    #......
 Confusing Touch          Hex            ##......     9%          3    None
 Gell's Gravitas          Tloc           ##........   9%          3    None
 Lesser Beckoning         Tloc           ##........   9%          3    None
 Ozocubu's Armour         Chrm/Ice       ##......     9%          3    None
 Recall                   Summ/Tloc      N/A          9%          3    None
 Spectral Weapon          Hex/Chrm       ##......     9%          3    None
 Tukima's Dance           Hex            ##......     9%          3    None
 Olgreb's Toxic Radiance  Pois           ##......     9%          4    #......
 Petrify                  Tmut/Erth      ###.....     9%          4    #......
 Conjure Ball Lightning   Conj/Air       #####.....   1%          6    ######.
 Silence                  Hex/Air        ####......   12%         5    ####...
 Yara's Violent Unravell  Hex/Tmut       ##........   21%         5    ####...
 Deflect Missiles         Chrm/Air       ####......   52%         6    ######.
 Alistair's Intoxication  Tmut/Pois      ##......     58%         5    ####...
 Aura of Abjuration       Summ           ##........   58%         5    ####...
 Metabolic Englaciation   Hex/Ice        ##........   58%         5    ####...
 Summon Demon             Summ           ##........   58%         5    ####...
 Summon Forest            Summ/Tloc      ##........   58%         5    ####...
 Summon Mana Viper        Hex/Summ       ##......     58%         5    ####...
 Invisibility             Hex            ##......     98%         6    ######.
 Shadow Creatures         Summ           N/A          98%         6    ######.
 Tornado                  Air            #####.....   100%        9    #######


Dungeon Overview and Level Annotations

Branches:
Dungeon (15/15)            Temple (1/1) D:7            Lair (6/6) D:11
  Swamp (4/4) Lair:3       Spider (4/4) Lair:2        Slime (0/5) Lair:6
    Orc (2/2) D:9             Elf (0/3) Orc:2        Vaults (2/5) D:14
 Depths (0/5) D:15        Ossuary (visited)         Volcano (visited)
  Crypt: Vaults:2-3

Altars:
Ashenzari
Cheibriados
Dithmenos
Elyvilon
Fedhas
Gozag
Hepliaklqana
Kikubaaqudgha
Makhleb
Nemelex Xobeh
Okawaru
Qazlal
Ru
Sif Muna
Trog
Uskayaw
Vehumet
Wu Jian
Xom
Yredelemnul
Zin
The Shining One
Beogh

Shops:
D:5 }   D:8 !   D:10 ?   D:13 [   Orc:2 *!%(

Portals:
Wizlab: Vaults:2

Annotations:
D:10 Fannar
Swamp:3 Mara
Swamp:4 zkyp's ghost, adept HuSk


Innate Abilities, Weirdness & Mutations

You have a pair of large horns on your head.
You are mostly covered in molten scales. (AC +3)
A weak demonic guardian rushes to your aid.
You are partially covered in sharp spines.


Message History

The yaktaur shouts!
The vault warden unwields a +2 great mace of holy wrath.
It stops glowing.
The vault warden wields a +2 arbalest of freezing.
It is covered in frost.
The vault warden shoots a bolt.
The bolt hits you.
* * * LOW HITPOINT WARNING * * *
Found a magical portal.
You see here a bolt.
Unknown command.
Unknown command.
An ironbrand convoker comes into view. It is wielding a +0 great mace.
Unknown command.
Okay, then.
As you read the scroll of fog, it crumbles to dust.
The scroll dissolves into smoke.
The vault warden shoots a bolt.
The bolt completely misses you.
Cornered, the yaktaur turns to fight!
The yaktaur wields a +0 arbalest.
The yaktaur shoots a bolt.
The bolt hits you but does no damage.
The vault warden shoots a bolt.
The bolt hits you!!!
You die...

#.c..
#..#.#.....##.
#...#.. ..#...
#..#p#.#...##
#.. ..#.#c..#
#.#§§§#c#c##
##§#§§p#.#.#
#.§§#§§....#
##§§§#@...∩#
##§#§#######
#####


You could see a vault warden and 3 yaktaurs.

Vanquished Creatures
  Jorgrun (Swamp:3)
  Asterion (Spider:1)
  Frances (Swamp:2)
  A storm dragon (Vaults:1)
  A thorn hunter (Swamp:3)
  Louise (Swamp:3)
  2 ghost moths (Spider:4)
  5 emperor scorpions (Spider:4)
  3 vault wardens (Vaults:1)
  4 ironheart preservers (Vaults:1)
  6 entropy weavers
  A stone giant (Vaults:2)
  3 deep elf demonologists (Vaults:1)
  A spark wasp (Spider:4)
  An ettin (D:9)
  2 yaktaur captains (Vaults:1)
  2 fire dragons (Vaults:1)
  A great orb of eyes (Vaults:1)
  3 vault guards
  A ghost crab (Swamp:3)
  5 ice dragons
  14 hydras
  A merfolk avatar (Lair:6)
  13 alligators
  11 death yaks
  9 two-headed ogres
  3 ogre magi
  2 shambling mangroves
  A tengu warrior (D:13)
  5 centaur warriors
  A catoblepas (Lair:6)
  4 orc high priests
  Urug (D:11)
  Nergalle (Lair:1)
  Sonja (D:11)
  3 spriggan druids (Swamp:4)
  A sea snake (Lair:6)
  2 unseen horrors
  A swamp dragon (Swamp:2)
  An unseen horror (shapeshifter) (D:15)
  An obsidian statue (D:12)
  4 wizards
  3 deep elf archers (Vaults:1)
  An orange crystal statue (D:12)
  2 harpies
  5 orc sorcerers
  2 manticores (D:13)
  24 orb spiders
  10 orc knights
  28 wolf spiders
  A wolf spider (shapeshifter) (Vaults:1)
  A salamander (Volcano)
  4 deep elf magi (Vaults:1)
  11 ugly things
  2 moths of wrath
  5 cyclopes
  22 elephants
  Maurice (D:9)
  Joseph (D:10)
  8 vault sentinels
  3 black mambas
  2 naga magi (D:15)
  5 centaur skeletons
  6 rime drakes
  12 spiny frogs
  19 demonic crawlers
  2 torpor snails
  6 yaktaurs (Vaults:1)
  2 komodo dragons (shapeshifter)
  4 freezing wraiths (Swamp:4)
  8 komodo dragons
  An efreet (D:15)
  31 jumping spiders
  A tengu simulacrum (Vaults:1)
  3 meliai (Spider:2)
  4 tyrant leeches
  Prince Ribbit (D:6)
  3 trolls
  7 polar bears
  17 blink frogs
  31 hornets
  4 bog bodies
  2 meliai zombies
  6 dream sheep (Lair:6)
  18 slime creatures
  A frost giant simulacrum (Vaults:1)
  87 redbacks
  9 hippogriffs
  12 spriggans
  A tarantella (shapeshifter) (Vaults:1)
  2 vampires
  36 tarantellas
  72 yaks
  6 shadows
  6 basilisks
  5 wyverns
  4 wraiths
  A basilisk (shapeshifter) (D:15)
  A fire bat (Volcano)
  6 hungry ghosts
  12 vampire mosquitoes
  5 swamp worm simulacra (Swamp:4)
  3 wargs
  6 insubstantial wisps (Swamp:2)
  7 swamp worms
  8 water moccasins
  Duvessa (D:7)
  13 porcupines
  A hell hound (Orc:2)
  14 hydra simulacra (Swamp:4)
  4 swamp drakes
  27 orc warriors
  A hornet zombie (D:13)
  A necrophage (D:13)
  An ice beast (shapeshifter) (Vaults:1)
  An eye of draining (D:13)
  4 ice beasts
  A black bear (D:11)
  5 sky beasts
  25 ogres
  3 phantoms
  9 wolves
  16 centaurs
  11 crocodiles
  18 bullfrogs
  3 big kobolds (D:9)
  3 gnoll sergeants (D:9)
  Dowan (D:7)
  A wyvern skeleton (D:9)
  3 scorpions
  An electric eel (Spider:4)
  19 wights
  A howler monkey (D:10)
  6 crimson imps
  5 centaur zombies
  5 jellies
  7 hounds
  19 orc priests
  11 iguanas
  Natasha (twice) (D:3)
  11 worker ants
  31 orc wizards
  5 big kobold zombies (Ossuary)
  2 hound zombies
  3 mummies (Ossuary)
  A worker ant zombie (D:10)
  2 howler monkey zombies
  6 gnolls
  21 adders
  2 shadow imps
  4 oozes
  3 swamp drake simulacra (Swamp:4)
  A worm zombie (D:5)
  A worm (D:2)
  A dart slug (D:3)
  2 leopard geckos (D:3)
  89 orcs
  6 bats
  5 giant cockroaches
  7 goblins
  5 hobgoblins
  8 jackals
  5 quokkas
  A ball python (D:7)
  9 frilled lizards
  2 hobgoblin zombies (Ossuary)
  2 jackal skeletons
  7 kobolds
  A leopard gecko zombie (D:5)
  10 rats
  3 briar patches (Swamp:3)
  2 fungi
1246 creatures vanquished.

Vanquished Creatures (collateral kills)
  An emperor scorpion (Spider:4)
  2 hydras
  An ice dragon (Swamp:4)
  A centaur warrior (D:14)
  An ogre mage (Vaults:1)
  A death yak (Lair:6)
  2 two-headed ogres
  A sea snake (Lair:6)
  An orc sorcerer (Orc:2)
  A deep elf mage (Vaults:1)
  An elephant (Lair:6)
  A torpor snail (Spider:1)
  A spiny frog (Lair:6)
  A troll (D:9)
  3 slime creatures
  2 bog bodies (Swamp:2)
  A dream sheep (Lair:6)
  2 redbacks
  A spriggan (D:8)
  A wyvern (Lair:2)
  4 yaks
  A basilisk (D:11)
  A hydra simulacrum (Swamp:4)
  2 porcupines
  A water moccasin (Lair:6)
  2 orc warriors
  A swamp drake (Swamp:1)
  2 phantoms
  A wolf (Lair:4)
  A crocodile (Lair:2)
  A big kobold (D:9)
  A bullfrog (Lair:2)
  A wight (D:10)
  A crimson imp (D:10)
  3 orc priests
  A hound (D:4)
  3 orc wizards
  Jessica (D:2)
  2 worker ants
  A big kobold zombie (Ossuary)
  A gnoll (D:9)
  11 orcs
  A giant cockroach (D:5)
  A hobgoblin zombie (Ossuary)
  A rat zombie (D:5)
72 creatures vanquished.

Vanquished Creatures (others)
  An azure jelly (Swamp:4)
  2 two-headed ogres (Volcano)
  2 alligators
  A shadow wraith (D:14)
  A demonic crawler (Spider:2)
  A tarantella (Spider:3)
  A sky beast (D:8)
  2 orc wizards (Orc:2)
  1497 foxfires
  24 fungi
  14 plants
1546 creatures vanquished.

Grand Total: 2864 creatures vanquished

Notes
Turn   | Place    | Note
-------+----------+-------------------------------------------
     0 | D:1      | Aviak the Demonspawn Fire Elementalist began the quest for
                  | the Orb.
     0 | D:1      | Reached XP level 1. HP: 13/13 MP: 3/3
   184 | D:1      | Gained mutation: You are partially covered in molten
                  | scales. (AC +2) [demonic ancestry]
   184 | D:1      | Reached XP level 2. HP: 16/19 MP: 0/5
   886 | D:2      | Reached XP level 3. HP: 18/24 MP: 2/6
  1098 | D:2      | Gained mutation: A weak demonic guardian rushes to your
                  | aid. [demonic ancestry]
  1098 | D:2      | Reached XP level 4. HP: 25/30 MP: 0/7
  1222 | D:2      | Noticed Jessica
  1225 | D:2      | Killed Jessica
  2059 | D:3      | Gained mutation: You are partially covered in sharp spines.
                  | [demonic ancestry]
  2059 | D:3      | Reached XP level 5. HP: 35/35 MP: 4/9
  2366 | D:3      | Noticed Natasha
  2371 | D:3      | Killed Natasha
  2786 | D:3      | Gained mutation: You have a pair of small horns on your
                  | head. [demonic ancestry]
  2786 | D:3      | Reached XP level 6. HP: 41/41 MP: 4/10
  3051 | D:4      | Reached skill level 1 in Fighting
  3110 | D:3      | Noticed Natasha
  3120 | D:3      | Killed Natasha
  3257 | D:4      | Gained mutation: You are mostly covered in molten scales.
                  | (AC +3) [demonic ancestry]
  3257 | D:4      | Reached XP level 7. HP: 29/49 MP: 6/11
  3483 | D:4      | Reached skill level 1 in Short Blades
  3488 | D:4      | Learned a level 3 spell: Conjure Flame
  3492 | D:4      | Learned a level 3 spell: Inner Flame
  3497 | D:4      | Learned a level 4 spell: Sticky Flame
  3528 | D:4      | Found a snail-covered altar of Cheibriados.
  4280 | D:5      | Entered Level 5 of the Dungeon
  4508 | D:5      | Gained mutation: You have a pair of horns on your head.
                  | [demonic ancestry]
  4508 | D:5      | Reached XP level 8. HP: 9/58 MP: 3/12
  4695 | D:5      | Found a sand-covered staircase.
  4717 | D:5      | Reached skill level 5 in Fire Magic
  4729 | Ossuary  | Entered an ossuary
  5064 | D:5      | Reached skill level 5 in Conjurations
  5076 | D:5      | Reached skill level 5 in Dodging
  5306 | D:5      | Found Pikig's Gadget Shop.
  5311 | D:5      | Bought a wand of iceblast (5) for 99 gold pieces
  5642 | D:6      | Noticed Prince Ribbit
  5650 | D:6      | Killed Prince Ribbit
  5672 | D:6      | Reached XP level 9. HP: 34/66 MP: 1/13
  6074 | D:6      | Reached skill level 5 in Fighting
  7005 | D:7      | Noticed Dowan
  7007 | D:7      | Noticed Duvessa
  7023 | D:7      | Killed Duvessa
  7028 | D:7      | Killed Dowan
  7192 | D:7      | Found a staircase to the Ecumenical Temple.
  7207 | Temple   | Entered the Ecumenical Temple
  7456 | Temple   | Became a worshipper of Vehumet
  8034 | D:8      | Found a shattered altar of Ashenzari.
  8160 | D:8      | Found Magofuj's Distillery.
  8174 | D:8      | Bought a potion of haste for 140 gold pieces
  8174 | D:8      | Bought a potion of curing for 42 gold pieces
  8221 | D:8      | Reached * piety under Vehumet
  8221 | D:8      | Offered knowledge of Freeze by Vehumet.
  8410 | D:8      | Reached XP level 10. HP: 75/77 MP: 14/14
  8431 | D:8      | Found a blossoming altar of Fedhas.
  9081 | D:9      | Noticed Maurice
  9095 | D:9      | Killed Maurice
  9589 | D:9      | Found a staircase to the Orcish Mines.
  9598 | D:9      | Offered knowledge of Searing Ray by Vehumet.
  9600 | D:9      | Reached ** piety under Vehumet
  9897 | D:9      | Noticed a two-headed ogre
  9973 | D:9      | Killed a two-headed ogre
 10462 | D:10     | Entered Level 10 of the Dungeon
 10527 | D:10     | Gained mutation: You have a pair of large horns on your
                  | head. [demonic ancestry]
 10527 | D:10     | Reached XP level 11. HP: 82/86 MP: 11/16
 10638 | D:10     | Found Sicleow's Magic Scroll Boutique.
 10647 | D:10     | Bought a scroll of identify for 30 gold pieces
 10647 | D:10     | Bought a scroll of identify for 30 gold pieces
 10647 | D:10     | Bought a scroll of enchant weapon for 112 gold pieces
 10672 | D:10     | Noticed Joseph
 10700 | D:10     | Killed Joseph
 10947 | D:10     | Learned a level 5 spell: Fireball
 11066 | D:10     | Reached skill level 5 in Spellcasting
 11067 | D:10     | Noticed Fannar
 11805 | D:11     | Offered knowledge of Static Discharge by Vehumet.
 11823 | D:11     | Noticed Sonja
 12114 | D:10     | Reached *** piety under Vehumet
 12222 | D:11     | Noticed an unseen horror
 12226 | D:11     | Killed an unseen horror
 12230 | D:10     | Paralysed by a hornet for 3 turns
 12668 | D:11     | Found a shadowy altar of Dithmenos.
 12726 | D:11     | Noticed Urug
 12752 | D:11     | Offered knowledge of Iskenderun's Mystic Blast by Vehumet.
 12758 | D:11     | Killed Urug
 12935 | D:11     | Noticed an ice dragon
 13290 | D:11     | Killed Sonja
 13290 | D:11     | Reached XP level 12. HP: 66/97 MP: 16/22
 13297 | D:11     | Found a staircase to the Lair.
 13427 | Lair:1   | Entered Level 1 of the Lair of Beasts
 13487 | Lair:1   | Noticed a seven-headed hydra
 13494 | Lair:1   | Killed a seven-headed hydra
 13494 | Lair:1   | Reached skill level 10 in Fighting
 13532 | Lair:1   | Noticed an eight-headed hydra
 13547 | Lair:1   | Killed an eight-headed hydra
 13547 | Lair:1   | Reached skill level 10 in Dodging
 13560 | Lair:1   | Reached **** piety under Vehumet
 13643 | Lair:1   | Noticed a four-headed hydra
 13651 | Lair:1   | Killed a four-headed hydra
 13710 | Lair:1   | Offered knowledge of Lee's Rapid Deconstruction by Vehumet.
 13743 | Lair:1   | Noticed Nergalle
 13776 | Lair:1   | Killed Nergalle
 14847 | Lair:2   | Noticed a seven-headed hydra
 14918 | Lair:2   | Killed a seven-headed hydra
 15258 | Lair:2   | Found a hole to the Spider Nest.
 15303 | Lair:2   | You fall into a shaft and drop 2 floors!
 15432 | Lair:3   | Found a staircase to the Swamp.
 15653 | Lair:3   | Noticed a five-headed hydra
 15666 | Lair:3   | Killed a five-headed hydra
 15772 | Lair:3   | Reached XP level 13. HP: 106/106 MP: 9/25
 16949 | Lair:4   | Reached ***** piety under Vehumet
 16949 | Lair:4   | Offered knowledge of Airstrike by Vehumet.
 16995 | Lair:4   | Reached skill level 1 in Armour
 17076 | Lair:4   | Got a bloodstained mace
 17861 | Lair:5   | Found a basalt altar of Yredelemnul.
 17986 | Lair:5   | Reached skill level 10 in Spellcasting
 18081 | Lair:5   | You fall into a shaft and drop 1 floor!
 18081 | Lair:6   | Entered Level 6 of the Lair of Beasts
 18729 | Lair:6   | Found a staircase to the Slime Pits.
 18944 | Lair:6   | Reached skill level 1 in Evocations
 18947 | Lair:6   | Offered knowledge of Freezing Cloud by Vehumet.
 18963 | Lair:6   | Reached XP level 14. HP: 46/118 MP: 11/28
 19172 | Lair:6   | Paralysed by a hornet for 1 turns
 19822 | Lair:6   | Reached skill level 5 in Short Blades
 19943 | Lair:6   | Reached skill level 5 in Evocations
 19961 | Lair:6   | Identified the cursed +1 mace of Impatience {holy, *Noise
                  | rPois MR+} (You found it on level 4 of the Lair of Beasts)
 20839 | Orc:1    | Entered Level 1 of the Orcish Mines
 21238 | Orc:1    | Offered knowledge of Iskenderun's Battlesphere by Vehumet.
 21245 | Orc:1    | Learned a level 5 spell: Iskenderun's Battlesphere
 21417 | Orc:2    | Entered Level 2 of the Orcish Mines
 21440 | Orc:2    | Found a dark tunnel.
 21445 | Volcano  | Entered a volcano
 22037 | Orc:2    | Found a staircase to the Elven Halls.
 22177 | Orc:2    | Reached XP level 15. HP: 42/123 MP: 2/31
 22320 | Orc:2    | Found Filebliex's Antique Weapon Boutique.
 22320 | Orc:2    | Found Usholuyrgh's General Store.
 22323 | Orc:2    | Found Puyhinta's Distillery.
 22323 | Orc:2    | Found Reopt's Food Boutique.
 22329 | Orc:2    | Bought a scroll of identify for 28 gold pieces
 22329 | Orc:2    | Bought 2 scrolls of identify for 56 gold pieces
 22331 | Orc:2    | Bought a potion of heal wounds for 75 gold pieces
 22340 | Orc:2    | Bought a glowing broad axe for 203 gold pieces
 22457 | Orc:2    | Found a roughly hewn altar of Beogh.
 23168 | D:12     | Reached skill level 1 in Axes
 23726 | D:13     | Found Maekh's Armour Boutique.
 23745 | D:13     | Offered knowledge of Iron Shot by Vehumet.
 23940 | D:13     | Bought a +0 buckler of protection for 161 gold pieces
 24020 | D:13     | Learned a level 6 spell: Iron Shot
 24313 | D:13     | Reached skill level 1 in Shields
 24342 | D:13     | Found an ancient bone altar of Kikubaaqudgha.
 24409 | D:13     | Got a bound golden ring
 24735 | D:14     | Identified the ring "Toni" {rPois rC+ MR+++ Int-4 SInv}
                  | (You found it on level 13 of the Dungeon)
 24756 | D:14     | Identified the cursed +1 robe "Ofremocw" {rPois} (You found
                  | it on level 14 of the Dungeon)
 25041 | D:14     | Reached ****** piety under Vehumet
 25374 | D:14     | Found a gate to the Vaults.
 25824 | D:14     | Upgraded the game from 0.25-a0-730-g633e9c3c14 to
                  | 0.25-a0-731-g0472a16d6a
 25948 | Swamp:1  | Entered Level 1 of the Swamp
 25994 | Swamp:1  | Reached skill level 5 in Axes
 26312 | Swamp:1  | Offered knowledge of Starburst by Vehumet.
 26322 | Swamp:1  | Learned a level 6 spell: Starburst
 27367 | Swamp:2  | Noticed Frances
 27383 | Swamp:2  | Killed Frances
 27770 | Swamp:2  | Reached XP level 16. HP: 131/131 MP: 29/32
 28109 | Swamp:3  | Noticed Jorgrun
 28118 | Swamp:2  | Learned a level 2 spell: Blink
 28250 | Swamp:3  | Killed Jorgrun
 28257 | Swamp:3  | Noticed Mara
 28393 | Swamp:3  | Noticed Aviak's illusion
 28491 | Swamp:3  | Noticed Louise
 28497 | Swamp:3  | Killed Louise
 28765 | Swamp:3  | Noticed Aviak's illusion
 28773 | Swamp:3  | Noticed a thorn hunter
 28783 | Swamp:3  | Killed a thorn hunter
 28783 | Swamp:3  | Offered knowledge of Orb of Destruction by Vehumet.
 28795 | Swamp:3  | Learned a level 7 spell: Orb of Destruction
 29053 | Swamp:4  | Entered Level 4 of the Swamp
 29187 | Swamp:4  | Found a runed translucent gate.
 29187 | Swamp:4  | Found a runed translucent gate.
 29187 | Swamp:4  | Found a runed translucent gate.
 29188 | Swamp:4  | Noticed zkyp's ghost (adept HuSk)
 29818 | Swamp:4  | Offered knowledge of Ozocubu's Refrigeration by Vehumet.
 29980 | Swamp:4  | Got a decaying rune of Zot
 30049 | Swamp:4  | Identified a scroll of acquirement
 30050 | Swamp:4  | Identified the +4 ring mail of Guitis {-Tele rPois rF+
                  | rCorr} (You acquired it on level 4 of the Swamp)
 30061 | Swamp:4  | Learned a level 3 spell: Mephitic Cloud
 30168 | Swamp:4  | Reached skill level 1 in Air Magic
 30182 | Swamp:4  | Reached skill level 1 in Earth Magic
 30506 | Spider:1 | Entered Level 1 of the Spider Nest
 30511 | Spider:1 | Reached skill level 10 in Axes
 30532 | Lair:2   | HP: 6/131 [jumping spider[a torpor snail] (11)]
 30993 | Spider:1 | You fall into a shaft and drop 1 floor!
 31863 | Spider:1 | Noticed Asterion
 31871 | Spider:1 | Identified the +3 scale mail "Puedaf" {*Contam rPois Str+7
                  | Int+2} (You found it on level 1 of the Spider Nest)
 31892 | Spider:1 | Noticed an Executioner
 31894 | Spider:1 | Killed Asterion
 32147 | Spider:2 | Reached XP level 17. HP: 101/137 MP: 18/33
 32258 | Spider:2 | Reached skill level 10 in Conjurations
 32448 | Spider:2 | Offered knowledge of Lehudib's Crystal Spear by Vehumet.
 32448 | Spider:2 | Offered knowledge of Chain Lightning by Vehumet.
 32448 | Spider:2 | Offered knowledge of Ignition by Vehumet.
 33732 | Spider:3 | Reached skill level 5 in Air Magic
 33738 | Spider:3 | Reached skill level 5 in Earth Magic
 34683 | Spider:4 | Entered Level 4 of the Spider Nest
 37134 | Spider:4 | Reached XP level 18. HP: 41/143 MP: 5/34
 37293 | Spider:4 | Got a gossamer rune of Zot
 37667 | D:15     | Entered Level 15 of the Dungeon
 38226 | D:15     | Found a staircase to the Depths.
 38275 | Vaults:1 | Entered Level 1 of the Vaults
 38752 | Vaults:1 | Noticed an Ice Fiend
 39206 | Vaults:1 | Reached skill level 5 in Armour
 40616 | Vaults:2 | HP: 6/143 [vault warden/cursed -1 halberd (25)]
 40625 | Vaults:2 | Found a magical portal.
 40629 | Vaults:2 | Shot with a bolt by a vault warden

Levels and vault maps discovered:
D:1:      lightli_arrival_isolated_outpost, layout_basic, minmay_pentomino_t2
D:2:      layout_basic, first_ration, minmay_pentomino_pile, uniq_jessica
D:3:      layout_loops_ring, glass_columns_c, uniq_natasha
D:4:      layout_layer_cave, cheibriados_altar_1, uniq_menkaure
D:5:      layout_gridville, enter_ossuary_3, serial_shops, kennysheep_mini_moat,
          serial_bayou_pond_a
D:6:      layout_cave_pods, uniq_prince_ribbit1
D:7:      layout_loops_corners, temple_green, uniq_duvessa
D:8:      layout_loops_ring, basic_altar, serial_shops, shop, the_bakery,
          fedhas_altar_3
D:9:      layout_stronghold, kennysheep_orc_monster_closet_entryway,
          uniq_maurice
D:10:     layout_cave_pods, serial_shops, nicolae_shop_stone, uniq_joseph,
          uniq_fannar
D:11:     layout_cave_pools, minmay_lair_entry_grove,
          portal_ice_cave_entry_animals_and_master,
          grunt_dithmenos_smoke_and_mirrors, uniq_sonja, uniq_urug
D:12:     minmay_separated_statues, layout_rooms
D:13:     layout_roguey, serial_shops, shop, basic_altar
D:14:     layout_long_grid, david_vaults_5, hangedman_decor_points
D:15:     grunt_enter_depths_magical_seal, layout_rooms, minmay_misc_feat_alley
Temple:   regret_index_temple_sigil_plot
Lair:1:   beast_lair_carwin_large_1, layout_loops_ring, uniq_nergalle
Lair:2:   layout_cave_pods, spider_nest_entry_webs,
          chequers_serial_rivers_room_b
Lair:3:   layout_roguey, swamp_mist
Lair:4:   layout_small_grid
Lair:5:   layout_hall_layers, basic_altar, chequers_serial_rivers_small_3
Lair:6:   gammafunk_lair_ancient_temple, layout_loops_ring,
          minmay_slime_entry_pillars, minivault_26, infiniplex_staircase_pool
Swamp:1:  layout_falls_marsh, evilmike_swamp_ruin_rubble_1
Swamp:2:  layout_falls_marsh, evilmike_swamp_ruin_wall, uniq_frances
Swamp:3:  layout_basic_swamp, nicolae_swamp_dense_foliage, uniq_louise,
          uniq_mara, uniq_jorgrun
Swamp:4:  swamp_icy, layout_basic_swamp, gammafunk_ghost_split
Spider:1: layout_spider_delve, uniq_asterion
Spider:2: layout_chambers, hangedman_spider_tarantella_strand
Spider:3: layout_chambers, drop_trap, nicolae_orb_island
Spider:4: guppyfry_spider_rune, nicolae_spider_cling_ruins
Orc:1:    layout_caves
Orc:2:    grunt_orc_tribal_feast, layout_caves, enter_volcano_1,
          lemuel_statue_altar
Vaults:1: nicolae_vaults_network_quinsquares
          [nicolae_vaults_network_quincunx_subvault,
          nicolae_vaults_network_quincunx_subvault,
          nicolae_vaults_network_quincunx_subvault,
          nicolae_vaults_network_quincunx_subvault], vaults_mumra_chevron_long,
          v_rooms_4, v_misc_4, vaults_room_hallway, v_alt_pattern_5,
          vaults_room_pool, v_misc_4, nicolae_vaults_little_squares_6,
          ontoclasm_vaults_loading_screen, nicolae_vaults_asterisk, v_misc_5,
          vaults_room_glass_cross, layout_vaults_ring
Vaults:2: v_misc_14, nicolae_vaults_network_barrier, hangedman_vaults_nails,
          vaults_mumra_hex, minmay_crypt_entry_necro_gods, v_alt_pattern_6,
          ontoclasm_vaults_chip, ontoclasm_vaults_ring_square,
          dpeg_vaults_waves, v_misc_23, layout_vaults_omnibox, mu_enter_wizlab_6

Skill      XL: |  1  2  3  4  5  6  7  8  9 10 11 12 13 14 15 16 17 18 |
---------------+-------------------------------------------------------+-----
Dodging        | 2 3 4 5 6 8 9 11 12 13 | 13.5
Stealth        | 2 3 |  3.0
Fire Magic     | 3 4 5 6 7 8 |  8.6
Conjurations   | 2 3 4 5 7 8 9 11 | 11.7
Spellcasting   | 3 6 8 10 12 13 | 13.6
Fighting       | 1 3 4 6 7 9 11 13 | 13.2
Short Blades   | 2 6 |  6.8
Armour         | 3 6 |  6.4
Evocations     | 1 6 7 |  7.4
Axes           | 8 10 | 10.0
Shields        | 4 |  4.0
Air Magic      | 3 7 9 |  9.5
Earth Magic    | 3 6 |  6.0

Action                   |  1- 3 |  4- 6 |  7- 9 | 10-12 | 13-15 | 16-18 || total
-------------------------+-------+-------+-------+-------+-------+-------++-------
Melee: Unarmed           |     2 |       |       |       |       |       ||     2
       Dagger            |     7 |    65 |    44 |       |       |       ||   116
       Headbutt          |       |     1 |    37 |    56 |   132 |   135 ||   361
       Short sword       |       |       |   194 |   300 |   360 |       ||   854
       Broad axe         |       |       |       |       |   248 |   642 ||   890
 Cast: Foxfire           |    52 |   132 |   150 |   185 |   286 |   148 ||   953
       Conjure Flame     |       |       |    12 |    24 |    14 |     4 ||    54
       Inner Flame       |       |       |     4 |    21 |    13 |       ||    38
       Sticky Flame      |       |       |     8 |    40 |   118 |    94 ||   260
       Fireball          |       |       |       |    19 |   145 |   127 ||   291
       Starburst         |       |       |       |       |     8 |   118 ||   126
       Iron Shot         |       |       |       |       |       |    50 ||    50
       Orb of Destructio |       |       |       |       |       |    18 ||    18
       Blink             |       |       |       |       |       |     1 ||     1
Evoke: Wand              |       |       |     1 |     7 |    24 |     6 ||    38
  Use: Scroll            |       |     1 |    10 |    15 |    12 |    19 ||    57
       Potion            |       |       |     7 |     5 |    10 |    13 ||    35
 Stab: Sleeping          |     1 |     2 |     2 |    11 |     7 |     7 ||    30
       Distracted        |       |       |       |     1 |     6 |     7 ||    14
       Paralysed         |       |       |       |       |     6 |       ||     6
       Confused          |       |       |       |       |       |     1 ||     1
       Petrified         |       |       |       |       |       |     1 ||     1
  Eat: Chunk             |     1 |     7 |     9 |    33 |    56 |    83 ||   189
       Ration            |       |       |     3 |     1 |     5 |    15 ||    24
Armor: Robe              |     4 |    23 |    15 |       |       |       ||    42
       Leather armour    |       |       |    69 |   108 |   268 |   386 ||   831
Dodge: Dodged            |    16 |    53 |   171 |   327 |   801 |  1096 ||  2464
Block: Buckler           |       |       |       |       |    83 |   320 ||   403

Table legend:
 A = Non-vault XP
 B = Vault XP
 C = Vault XP percentage of total XP
 D = Non-vault monster count
 E = Vault monster count
 F = Vault count percentage of total count
                 A         B        C        D         E       F
            +---------+---------+-------+---------+---------+-------
      Total |  255927 |  113788 |  30.8 |    1016 |     302 |  22.9
            +---------+---------+-------+---------+---------+-------
        D:1 |      36 |       2 |   5.3 |      18 |       1 |   5.3
        D:2 |      74 |      80 |  51.9 |      20 |       8 |  28.6
        D:3 |     242 |      35 |  12.6 |      30 |       1 |   3.2
        D:4 |     524 |       0 |   0.0 |      14 |       0 |   0.0
        D:5 |    1004 |       7 |   0.7 |      48 |       2 |   4.0
        D:6 |     950 |     279 |  22.7 |      25 |       1 |   3.8
        D:7 |    1138 |     232 |  16.9 |      32 |       2 |   5.9
        D:8 |    1137 |     188 |  14.2 |      20 |       1 |   4.8
        D:9 |    3468 |    2027 |  36.9 |      25 |      21 |  45.7
       D:10 |    4423 |    1041 |  19.1 |      32 |       4 |  11.1
       D:11 |    3314 |    5256 |  61.3 |      31 |      19 |  38.0
       D:12 |    2360 |    1354 |  36.5 |      13 |       2 |  13.3
       D:13 |    9016 |     887 |   9.0 |      35 |       1 |   2.8
       D:14 |    6595 |    2418 |  26.8 |      23 |       7 |  23.3
       D:15 |   10716 |    3513 |  24.7 |      35 |      10 |  22.2
     Lair:1 |    5167 |    3145 |  37.8 |      22 |      10 |  31.2
     Lair:2 |    5906 |     692 |  10.5 |      22 |       3 |  12.0
     Lair:3 |    6605 |       0 |   0.0 |      18 |       0 |   0.0
     Lair:4 |    5936 |       0 |   0.0 |      27 |       0 |   0.0
     Lair:5 |   10103 |     259 |   2.5 |      31 |       1 |   3.1
     Lair:6 |   23828 |    9258 |  28.0 |      64 |      29 |  31.2
    Swamp:1 |    5626 |       0 |   0.0 |      19 |       0 |   0.0
    Swamp:2 |   15721 |    2161 |  12.1 |      45 |       1 |   2.2
    Swamp:3 |    9597 |    4533 |  32.1 |      16 |       2 |  11.1
    Swamp:4 |   11470 |    9310 |  44.8 |      30 |      34 |  53.1
   Spider:1 |   10928 |    2688 |  19.7 |      33 |       1 |   2.9
   Spider:2 |   24705 |     214 |   0.9 |      80 |       1 |   1.2
   Spider:3 |   12961 |    2880 |  18.2 |      40 |       5 |  11.1
   Spider:4 |   22738 |   22607 |  49.9 |      56 |      37 |  39.8
      Orc:1 |    4463 |       0 |   0.0 |      36 |       0 |   0.0
      Orc:2 |    1456 |    7695 |  84.1 |      22 |      29 |  56.9
   Vaults:1 |   27876 |   23908 |  46.2 |      47 |      38 |  44.7
   Vaults:2 |    5844 |    6064 |  50.9 |       7 |      15 |  68.2
    Ossuary |       0 |     286 | 100.0 |       0 |      14 | 100.0
    Volcano |       0 |     769 | 100.0 |       0 |       2 | 100.0
            +---------+---------+-------+---------+---------+-------
